 Dungeon Crawl Stone Soup version 0.20.1-1-g8b1a95d (webtiles) character file.

134 letownia2 the Grave Robber (level 4, 0/36 HPs)
             Began as a Deep Dwarf Necromancer on Nov 29, 2017.
             Killed from afar by Blork the orc (6 damage)
             ... with a puff of frost
             ... on level 3 of the Dungeon.
             The game lasted 00:05:11 (2247 turns).

letownia2 the Grave Robber (Deep Dwarf Necromancer) Turns: 2247, Time: 00:05:11

Health: 0/36       AC:  2    Str: 11    XL:     4   Next: 95%
Magic:  0/7        EV: 12    Int: 17    God:
Gold:   55         SH:  0    Dex: 13    Spells: 3/7 levels left

rFire    . . .     SeeInvis .   a - +0 mace
rCold    . . .     Gourm    +   (no shield)
rNeg     . . .     Faith    .   i - +0 robe
rPois    .         Spirit   .   (no helmet)
rElec    .         Reflect  .   (no cloak)
rCorr    .         Harm     .   (no gloves)
MR       .....                  (no boots)
Stlth    ++........             n - amulet of the gourmand
Regen    0.0/turn               (no ring)
MPRegen  0.1/turn               (no ring)

@: non-regenerating
A: damage resistance, heal wounds, sense surroundings 1, no regeneration
a: Heal Wounds


You were on level 3 of the Dungeon.
You were hungry.

You visited 1 branch of the dungeon, and saw 5 of its levels.

You collected 55 gold pieces.

Inventory:

Hand Weapons
 a - a +0 mace (weapon)
 k - a +0 hand axe
Armour
 i - a +0 robe (worn)
Jewellery
 n - an amulet of the gourmand (around neck)
Scrolls
 d - a scroll of amnesia {unknown}
 g - a scroll of identify {unknown}
 h - a scroll of recharging {unknown}
Potions
 e - a potion of curing {unknown}
 f - a potion of agility {unknown}
 j - a potion of degeneration {unknown}
 m - a potion of might {unknown}
 o - a potion of invisibility {unknown}
Books
 b - a book of Necromancy

   Spells                             Type                      Level
   a - Pain                           Necromancy                   1
   b - Animate Skeleton               Necromancy                   1
   c - Vampiric Draining              Necromancy                   3
   d - Regeneration                   Charms/Necromancy            3
   e - Animate Dead                   Necromancy                   4
   f - Control Undead                 Necromancy                   4
Comestibles
 c - 3 bread rations
 l - a royal jelly


   Skills:
 - Level 2.1 Dodging
 - Level 2.4 Stealth
 - Level 2.1 Spellcasting
 + Level 6.7 Necromancy


You had 3 spell levels left.
You knew the following spells:

 Your Spells              Type           Power        Failure   Level  Hunger
a - Pain                  Necr           ###.         1%          1    #......
v - Vampiric Draining     Necr           ###.......   3%          3    ###....


Dungeon Overview and Level Annotations

Branches:
Dungeon (5/15)
 Temple: D:4-7

Altars:

Annotations:
D:2 1 exclusion
D:3 Blork the orc
D:5 WiZmei's ghost, novice HOFi


Innate Abilities, Weirdness & Mutations

You are resistant to damage.
You can heal yourself by infusing magical energy.
You passively map a small area around you.
You do not regenerate.


Message History

Blork the orc is heavily wounded.
You feel life coursing into your body.
You are feeling hungry.
Blork the orc hits you with a mace.
* * * LOW HITPOINT WARNING * * *
Unknown command.
Unknown command.
Unknown command.
Unknown command.
You aren't carrying any items that you can evoke.
Unknown command.
Casting: Vampiric Draining
Confirm with . or Enter, or press ? or * to list all spells.
Aiming: Pain
Press: ? - help, Shift-Dir - straight line, f/p - Blork the orc
Aim: Blork the orc, wielding a mace and wearing a robe (heavily wounded, fast, chance to defeat MR: 83%) Blork the orc writhes in agony!
Blork the orc gestures at you while chanting.
The puff of frost hits you!
You die...

#....................
#.....#.......#####..
#.................#..
#....##.......###.#..
#....##.......###.###
#....##.......##.....
#....##.......##..###
#..o.##.......##..###
####@................
#.##..............
#.##..............
#.########........
#.# * ####..### #.#
,,, ........ #.# ***
##.#.### #.#, .....
#.# ##*


You could see Blork the orc.

Vanquished Creatures
  A bullfrog (D:4)
  A hound zombie (D:4)
  4 adders
  An ooze (D:1)
  3 orcs
  A giant cockroach (D:3)
  2 hobgoblins
  A quokka (D:5)
  A bat (D:2)
  3 frilled lizards
  A leopard gecko zombie (D:4)
  A quokka zombie (D:4)
  2 rats (D:2)
22 creatures vanquished.

Notes
Turn   | Place    | Note
-------+----------+-------------------------------------------
     0 | D:1      | letownia2 the Deep Dwarf Necromancer began the quest for the Orb.
     0 | D:1      | Reached XP level 1. HP: 15/15 MP: 3/3
   525 | D:2      | Reached XP level 2. HP: 22/22 MP: 0/5
   801 | D:3      | Reached skill level 5 in Necromancy
   922 | D:3      | Reached XP level 3. HP: 25/28 MP: 0/6
  1123 | D:4      | Noticed Blork the orc
  1205 | D:3      | Learned a level 3 spell: Vampiric Draining
  1436 | D:4      | Noticed a phantom
  1502 | D:5      | Entered Level 5 of the Dungeon
  1509 | D:5      | Reached XP level 4. HP: 17/36 MP: 0/7
  1614 | D:5      | Reached skill level 6 in Necromancy
  1662 | D:5      | Noticed WiZmei's ghost (novice HOFi)
  1815 | D:4      | Noticed a bullfrog
  1819 | D:4      | Killed a bullfrog
  2247 | D:3      | Killed from afar by Blork the orc

Skill      XL: |  1  2  3  4 |
---------------+-------------+-----
Spellcasting   | 2 |  2.1
Necromancy     | 5 6 |  6.7
Dodging        | |  2.1
Stealth        | |  2.4

Action                   |  1- 3 |  4- 6 || total
-------------------------+-------+-------++-------
Melee: Mace              |    35 |     1 ||    36
 Cast: Pain              |    33 |     4 ||    37
       Vampiric Draining |     3 |     6 ||     9
 Stab: Sleeping          |     1 |       ||     1
  Eat: Chunk             |     3 |     3 ||     6
Armor: Robe              |     6 |       ||     6
Dodge: Dodged            |    45 |     6 ||    51
